 Dungeon Crawl Stone Soup version 0.26.1-10-gdfb7c7de75 (webtiles) character file.

Game seed: 14605553657513323602

49 diana the Skirmisher (level 3, -1/43 HPs)
             Began as a Demonspawn Gladiator on Apr 10, 2021.
             Slain by a leopard gecko (3 damage)
             ... on level 2 of the Dungeon.
             The game lasted 00:01:32 (1252 turns).

diana the Skirmisher (Demonspawn Gladiator)         Turns: 1252, Time: 00:01:33

Health: -1/43      AC:  4    Str: 15    XL:     3   Next: 53%
Magic:  3/3        EV: 12    Int:  9    God:
Gold:   51         SH:  0    Dex: 14    Spells: 2/2 levels left

rFire    . . .     SeeInvis .   a - +0 quarterstaff
rCold    . . .     Faith    .   (shield currently unavailable)
rNeg     . . .     Spirit   .   b - +0 leather armour
rPois    .         Reflect  .   c - +0 helmet
rElec    .         Harm     .   (no cloak)
rCorr    .         Rampage  .   (no gloves)
Will     .....                  (no boots)
Stlth    ..........             (no amulet)
HPRegen  0.14/turn              (no ring)
MPRegen  0.08/turn              (no ring)

@: berserking, lethally poisoned (-1 -> -9), very quick
A: demonic guardian 1
a: no special abilities


You were on level 2 of the Dungeon.
You visited 1 branch of the dungeon, and saw 2 of its levels.

You collected 51 gold pieces.

Inventory:

Hand Weapons
 a - a +0 quarterstaff (weapon)
Missiles
 d - 3 throwing nets (quivered)
Armour
 b - a +0 leather armour (worn)
 c - a +0 helmet (worn)
Jewellery
 g - a +6 ring of dexterity {unknown}
Scrolls
 f - 2 scrolls of enchant armour {unknown}
Potions
 e - a potion of berserk rage
 h - 2 potions of degeneration {unknown}
 i - 2 potions of heal wounds {unknown}


   Skills:
 * Level 3.4 Fighting
 + Level 3.2 Staves
 - Level 1.7 Throwing
 - Level 2.6 Dodging


You had 2 spell levels left.
You didn't know any spells.
Your spell library was empty.

Dungeon Overview and Level Annotations

Branches:
Dungeon (2/15)

Altars:


Innate Abilities, Weirdness & Mutations

A weak demonic guardian rushes to your aid.


Message History

You feel sick. The adder closely misses you.
The leopard gecko barely misses you. The adder bites you but does no damage.
Unknown command.
It was a potion of berserk rage.
A red film seems to cover your vision as you go berserk!
You feel yourself moving faster!
You feel mighty!
* * * LOW HITPOINT WARNING * * *
You feel sick.
The leopard gecko completely misses you.
The adder bites you.
* * * LOW HITPOINT WARNING * * *
You closely miss the adder.
The adder is lightly wounded.
The leopard gecko bites you but does no damage.
The adder barely misses you.
You miss the adder.
The adder is lightly wounded.
* * * LOW HITPOINT WARNING * * *
You feel sick. The leopard gecko bites you.
You die...

... ... ...
......... ....
......... ..)..
#......#
.....####......##
...............'.
........#......#
#......#†.....#
#.....gS@.5...#
...#'#.Kl#######
. #.....#
........#
..#....## g
#....# #....#
#....


You could see an adder, a leopard gecko, a goblin, a kobold and a friendly white
imp (summoned).

Vanquished Creatures
  A dart slug (D:1)
  A leopard gecko (D:2)
  3 bats (D:1)
  3 giant cockroaches (D:1)
  10 goblins
  2 hobgoblins (D:1)
  4 jackals (D:1)
  A quokka (D:2)
  2 ball pythons (D:1)
  5 frilled lizards
  6 kobolds (D:1)
  3 rats (D:1)
41 creatures vanquished.

Vanquished Creatures (others)
  2 plants (D:1)
2 creatures vanquished.

Grand Total: 43 creatures vanquished

Notes
Turn   | Place    | Note
-------+----------+-------------------------------------------
     0 | D:1      | diana the Demonspawn Gladiator began the quest for the Orb.
     0 | D:1      | Reached XP level 1. HP: 16/16 MP: 1/1
   108 | D:1      | Gained mutation: A weak demonic guardian rushes to your
                  | aid. [demonic ancestry]
   108 | D:1      | Reached XP level 2. HP: 16/23 MP: 2/2
   775 | D:1      | Reached XP level 3. HP: 27/29 MP: 3/3
  1252 | D:2      | HP: 2/43 [poisoned by an adder]
  1252 | D:2      | Slain by a leopard gecko

Illustrated notes

Levels and vault maps discovered:
D:1:      zelgadis_glass_arrival_small, layout_rooms, st_stairs_12,
          serial_bayou_pond_e, serial_bayou_pond_b
D:2:      layout_basic

Skill      XL: |  1  2 |
---------------+-------+-----
Staves         | 3 |  3.2
Fighting       | 3 |  3.4
Throwing       | |  1.7
Dodging        | |  2.6

Action                   || total
-------------------------++-------
Melee: Quarterstaff      ||   107
  Use: Potion            ||     1
Armor: Leather armour    ||    35
Dodge: Dodged            ||    97
